 Dungeon Crawl Stone Soup version 0.29.1-1-gd02db6906a (webtiles) character file.

Game seed: 10120451297369827007

848 GreyHunter the Grappler (level 8, -8/61 HPs)
             Began as a Ghoul Gladiator on Sept 21, 2022.
             Was a Follower of Makhleb.
             Mangled by a wight
             ... wielding a +3 great sword of freezing
              (10 damage)
             ... on level 4 of the Dungeon.
             The game lasted 00:14:50 (4459 turns).

GreyHunter the Grappler (Ghoul Gladiator)           Turns: 4459, Time: 00:14:50

Health: -8/61      AC: 13    Str: 18      XL:     8   Next: 1%
Magic:  7/7        EV: 11    Int: -1 (3)  God:    Makhleb [*.....]
Gold:   205        SH:  0    Dex:  9 (12) Spells: 7/7 levels left

rFire   . . .      SeeInvis .     - Unarmed
rCold   + . .      Faith    .   (no shield)
rNeg    + + +      Spirit   .   i - +3 ring mail
rPois   ∞          Reflect  .   b - +0 helmet
rElec   .          Harm     .   (no cloak)
rCorr   .          Rampage  .   (no gloves)
Will    .....                   (no boots)
Stlth   ..........              (no amulet)
HPRegen 0.00/turn               e - +4 ring of protection
MPRegen 0.10/turn               (no ring)

@: brilliant, inhibited regen, hasted and slowed, lost intelligence, unable to
read
A: claws 1, cold resistance 1, negative energy resistance 3, inhibited
regeneration, torment resistance 2, devour on kill
a: Renounce Religion


You were on level 4 of the Dungeon.
You worshipped Makhleb.
Makhleb was aware of your devotion.
You visited 1 branch of the dungeon, and saw 5 of its levels.
You also visited: Sewer.

You collected 205 gold pieces.

Inventory:

Missiles
 c - 3 throwing nets (quivered)
 d - a javelin
Armour
 a - a +0 leather armour
 b - a +0 helmet (worn)
 i - a +3 ring mail (worn)
Jewellery
 e - a +4 ring of protection (left claw)
Scrolls
 g - a scroll of torment {unknown}
 h - 2 scrolls of amnesia {unknown}
 k - 2 scrolls of noise {unknown}
 m - 2 scrolls of identify {unknown}
 o - a scroll of poison {unknown}
 p - 2 scrolls of vulnerability {unknown}
 r - a scroll of enchant armour {unknown}
 s - 2 scrolls of enchant weapon {unknown}
 t - a scroll of butterflies {unknown}
 v - 2 scrolls of teleportation {unknown}
Potions
 f - a potion of flight
 x - a potion of magic


   Skills:
 - Level 2.1 Fighting
 - Level 1.7 Throwing
 - Level 2.6 Dodging
 + Level 10.1 Unarmed Combat


You had 7 spell levels left.
You didn't know any spells.
Your spell library contained the following spells:

 Spells                   Type           Power      Damage    Failure   Level
 Irradiate                Conj/Tmut      0%         3d11      100%        5
 Beastly Appendage        Tmut           Unusable   N/A       N/A         1
 Wereblood                Tmut           Unusable   N/A       N/A         2
 Spider Form              Tmut/Pois      Unusable   N/A       N/A         3
 Blade Hands              Tmut           Unusable   N/A       N/A         5
 Dragon Form              Tmut           Unusable   N/A       N/A         7

Dungeon Overview and Level Annotations

Branches:
Dungeon (5/15)             Temple (0/1) D:4           Sewer (visited)

Altars:
Trog

Shops:
D:4 (


Innate Abilities, Weirdness & Mutations

You are immune to poison.
You have sharp fingernails.
Your flesh is cold resistant. (rC+)
You are immune to negative energy. (rN+++)
You do not regenerate when monsters are visible.
You are immune to unholy pain and torment.
You thrive by killing the living.


Message History

The scorpion stings you. The scorpion closely misses you.
The scorpion attacks as you move away! The scorpion closely misses you.
The scorpion stings you. The scorpion stings you. The scorpion stings you.
The scorpion attacks as you move away! The scorpion stings you.
* * * LOW HITPOINT WARNING * * *
The scorpion stings you but does no damage.
You feel clever all of a sudden. The scorpion misses you.
The scorpion stings you but does no damage.
The scorpion barely misses you. The scorpion attacks as you move away!
The scorpion stings you but does no damage.
The scorpion closely misses you. The wight attacks as you move away!
The wight misses you.
The scorpion stings you but does no damage.
The scorpion closely misses you. The scorpion attacks as you move away!
The scorpion stings you but does no damage.
There is an open door here.
The scorpion stings you but does no damage.
The scorpion stings you but does no damage.
The scorpion stings you.
* * * LOW HITPOINT WARNING * * *
The scorpion stings you but does no damage.
There is a stone staircase leading up here.
The wight hits you with a +3 great sword of freezing.
* * * LOW HITPOINT WARNING * * *
The scorpion barely misses you.
The wight hits you from afar with a +0 spear.
* * * LOW HITPOINT WARNING * * *
You climb upwards.
There is a stone staircase leading down here.
You feel yourself speed up. The scorpion completely misses you.
The scorpion stings you.
* * * LOW HITPOINT WARNING * * *
The wight hits you with a +3 great sword of freezing!
You die...

########## ##.........
###...#####.. #............
#.#...#.###.# ### #.##.#.##
##. ##.###.##.#.# #.
#########.z.........## ##.
#........@.....##..#.###.#
#.####..s#.##..##..##....#
#.# #...#.##......###.#..
#.####.....##..##..###.#.#
##.#........<...........#.#
#...^........#.............
#..#.........#......###.#.#
#.........####.##.........#
#######...# #.##.#.##....#


You could see a scorpion and a wight.

Vanquished Creatures
  Grinder (Sewer)
  2 kobold brigands (Sewer)
  A phantom (D:4)
  A quasit (Sewer)
  2 hounds (D:3)
  A gnoll bouda (D:4)
  2 orc wizards (D:3)
  An iguana (D:4)
  9 gnolls
  5 adders
  2 shadow imps (Sewer)
  3 ufetubi (Sewer)
  A worm (D:3)
  2 dart slugs
  2 orcs (D:3)
  8 ball pythons
  9 bats
  A bat zombie (Sewer)
  3 endoplasms
  6 giant cockroaches
  5 goblins
  8 hobgoblins
  3 jackals (D:1)
  18 kobolds
  3 quokkas
  5 frilled lizards
  3 rats
107 creatures vanquished.

Vanquished Creatures (others)
  A wizard (D:3)
1 creature vanquished.

Grand Total: 108 creatures vanquished

Notes
Turn   | Place    | Note
-------+----------+-------------------------------------------
     0 | D:1      | GreyHunter the Ghoul Gladiator began the quest for the Orb.
     0 | D:1      | Reached XP level 1. HP: 17/17 MP: 0/0
   132 | D:1      | Reached XP level 2. HP: 24/24 MP: 1/1
   167 | D:1      | Reached skill level 4 in Unarmed Combat
   285 | D:1      | Reached XP level 3. HP: 28/29 MP: 2/2
   636 | D:2      | Reached skill level 5 in Unarmed Combat
   696 | D:2      | Reached XP level 4. HP: 19/36 MP: 3/3
  1453 | D:2      | You fall into a shaft and drop 1 floor!
  1519 | D:3      | Found a faded altar of an unknown god.
  1630 | D:3      | Reached skill level 6 in Unarmed Combat
  1631 | D:3      | Reached XP level 5. HP: 35/41 MP: 4/4
  1675 | D:3      | Reached skill level 7 in Unarmed Combat
  1720 | D:3      | Found a bloodstained altar of Trog.
  1722 | D:3      | Noticed a wizard
  1726 | D:3      | Killed a wizard
  1849 | D:3      | Found a glowing drain.
  1872 | Sewer    | Entered a sewer
  1890 | Sewer    | Reached XP level 6. HP: 48/48 MP: 5/5
  2012 | Sewer    | Found a burning altar of Makhleb.
  2045 | Sewer    | Became a worshipper of Makhleb the Destroyer
  2049 | Sewer    | Noticed Grinder
  2080 | Sewer    | Paralysed by something for 4 turns
  2088 | Sewer    | Paralysed by something for 2 turns
  2114 | Sewer    | Killed Grinder
  2115 | Sewer    | Reached skill level 8 in Unarmed Combat
  2115 | Sewer    | Reached XP level 7. HP: 51/55 MP: 6/6
  2283 | Sewer    | Reached skill level 9 in Unarmed Combat
  3054 | D:3      | Lost intelligence.
  3677 | D:4      | Found a staircase to the Ecumenical Temple.
  3797 | D:4      | Found Xidujef's Antique Weapon Boutique.
  3814 | D:4      | Reached * piety under Makhleb
  3822 | D:4      | Reached skill level 10 in Unarmed Combat
  4360 | D:5      | Entered Level 5 of the Dungeon
  4381 | D:5      | Reached XP level 8. HP: 61/61 MP: 7/7
  4459 | D:4      | HP: 2/61 [scorpion (4)]
  4459 | D:4      | Mangled by a wight

Illustrated notes

Levels and vault maps discovered:
D:1:      minmay_arrival_plants_in_alcoves, layout_basic
D:2:      layout_basic, minmay_misc_feat_room, minmay_tromino_v4_b,
          uniq_crazy_yiuf_cottage
D:3:      layout_basic, trog_wizard, portal_sewer_entry_d,
          hellmonk_ecumenical_altar_heavens_door, grunt_decor_one_mirror,
          cheibrodos_gnoll_hut
D:4:      cheibrodos_quashed, layout_loops_ring, minmay_temple_entry_trees,
          serial_shops, nicolae_lakefront_shop
D:5:      layout_loops_corners, serial_shops, nicolae_diamond_shop

Skill      XL: |  1  2  3  4  5  6  7 |
---------------+----------------------+-----
Unarmed Combat | 4 5 6 7 8 10 | 10.1
Fighting       | |  2.1
Throwing       | |  1.7
Dodging        | |  2.6

Action                   |  1- 3 |  4- 6 |  7- 9 || total
-------------------------+-------+-------+-------++-------
Melee: Unarmed           |    89 |   145 |    73 ||   307
       Punch             |     2 |     7 |     5 ||    14
  Use: Potion            |       |       |    14 ||    14
Armor: Leather armour    |    17 |       |       ||    17
       Ring mail         |    29 |    71 |    73 ||   173
Dodge: Dodged            |    48 |    85 |    99 ||   232
